AoeStats
← undercat

Arabia

508232632Analyzed
1v1 RM · 12d ago on Sep 21, 2026· 47m 39s· 2 players
Game mode
Random Map
Map size
Tiny (2 player)
Population
200
Speed
Normal
Resources
Standard
Victory
Conquest
Starting age
Dark Age
Ending age
Imperial Age
RankedLock teamsTeams togetherTeam positionsShared explorationLock speedFull tech treeHidden civsTurbo modeCheats
Victory
Defeat
🇧🇴 Celts · Bolivia
981
+15
🇹🇼 Persians · Taiwan
964
-15
undercat
7:08 Loom
9:13 Feudal Age
17:03 Double-Bit Axe
22:56 Castle Age
21:12 Fletching
23:59 Bodkin Arrow
25:13 Bow Saw
25:33 Horse Collar
34:00 Imperial Age
32:09 Thumb Ring
33:27 Parthian Tactics
33:43 Bloodlines
33:55 Scale Barding Armor
36:38 Chemistry
35:41 Padded Archer Armor
36:16 Husbandry
38:50 Chain Barding Armor
37:51 Light Cavalry
40:15 Leather Archer Armor
Escr0t0Blindad0
9:40 Feudal Age
10:10 Loom
10:03 Man-at-Arms
10:34 Double-Bit Axe
19:10 Castle Age
21:01 Bow Saw
20:24 Pikeman
25:20 Horse Collar
28:02 Wheelbarrow
28:49 Forging
28:40 Scale Mail Armor
29:00 Scale Mail Armor
33:30 Heavy Plow
35:02 Gambesons
38:23 Imperial Age
40:19 Onager
41:16 Halberdier
42:28 Fletching
42:38 Padded Archer Armor
43:09 Ballistics
43:03 Heavy Scorpion
46:07 Chemistry
46:40 Furor Celtica
48:26 Iron Casting
48:07 Leather Archer Armor
Connection lost

Rejoining the realm…

Still unreachable

The connection could not be restored.

Session expired

The server has moved on; the page needs a fresh start.